 Dungeon Crawl Stone Soup version 0.27-a0-920-gb2bd10914a (webtiles) character file.

Game seed: 13178198906306250059

1533 rjrrt the Cleaver (level 8, -3/67 HPs)
             Began as a Minotaur Berserker on Apr 9, 2021.
             Was an Elder of Trog.
             Slain by Maggie
             ... wielding a +0 morningstar of flaming
              (13 damage)
             ... on level 6 of the Dungeon.
             The game lasted 00:08:46 (5718 turns).

rjrrt the Cleaver (Minotaur Berserker)              Turns: 5718, Time: 00:08:47

Health: -3/67      AC: 10    Str: 24    XL:     8   Next: 55%
Magic:  7/7        EV:  9    Int:  4    God:    Trog [****..]
Gold:   211        SH:  0    Dex: 10    Spells: 7/7 levels left

rFire    . . .     SeeInvis .   a - +0 war axe
rCold    + . .     Faith    .   (no shield)
rNeg     . . .     Spirit   .   l - +0 chain mail
rPois    .         Reflect  .   (helmet restricted)
rElec    .         Harm     .   c - scarf {repulsion}
rCorr    .         Rampage  .   s - +0 pair of gloves
Will     .....                  (no boots)
Stlth    ..........             (no amulet)
HPRegen  0.21/turn              g - ring of protection from cold
MPRegen  0.10/turn              (no ring)

@: weak-willed, on berserk cooldown, mesmerised, slowed, studying Axes, repel
missiles, very slow
A: horns 2, retaliatory headbutt
a: Renounce Religion, Berserk, Trog's Hand, Brothers in Arms


You were on level 6 of the Dungeon.
You worshipped Trog.
Trog was greatly pleased with you.
You visited 1 branch of the dungeon, and saw 6 of its levels.

You collected 211 gold pieces.

Inventory:

Hand Weapons
 a - a +0 war axe (weapon)
Missiles
 p - 5 javelins (quivered)
Armour
 c - a scarf of repulsion (worn)
 l - a +0 chain mail (worn)
 s - a +0 pair of gloves (worn)
Jewellery
 g - a ring of protection from cold (left hand)
Wands
 j - a wand of flame (23)
Scrolls
 h - a scroll of holy word
 i - a scroll of enchant armour
 k - a scroll of silence
 n - a scroll of blinking
 q - a scroll of fog
Potions
 b - 5 potions of curing
 d - a potion of berserk rage {unknown}
 f - a potion of attraction {unknown}
 m - a potion of flight {unknown}
 o - 2 potions of degeneration {unknown}
 r - a potion of invisibility {unknown}
 t - 2 potions of mutation {unknown}
 u - a potion of brilliance {unknown}


   Skills:
 + Level 4.4 Fighting
 * Level 12.5 Axes
 + Level 3.5 Armour
 + Level 3.2 Dodging
 + Level 1.6 Evocations


You had 7 spell levels left.
You didn't know any spells.
Your spell library was empty.

Dungeon Overview and Level Annotations

Branches:
Dungeon (6/15)
 Temple: D:4-7

Altars:
Ashenzari
Uskayaw
The Shining One
Beogh

Annotations:
D:6 Maggie


Innate Abilities, Weirdness & Mutations

You have a pair of horns on your head.
You reflexively headbutt those who attack you in melee.


Message History

You completely miss Maggie.
Maggie casts a spell.
Maggie draws you further into her thrall.
You barely miss Maggie. Maggie misses you.
Maggie hits you with a +0 morningstar of flaming.
* * * LOW HITPOINT WARNING * * *
Maggie burns you.
* * * LOW HITPOINT WARNING * * *
Unknown command.
Unknown command.
You feel much better.
Maggie hits you with a +0 morningstar of flaming!
Maggie burns you.
* * * LOW HITPOINT WARNING * * *
Unknown command.
You hit Maggie but do no damage. Your headbutt misses Maggie.
Maggie hits you with a +0 morningstar of flaming!
* * * LOW HITPOINT WARNING * * *
Maggie burns you.
* * * LOW HITPOINT WARNING * * *
Unknown command.
You feel much better. Maggie hits you but does no damage.
Maggie hits you with a +0 morningstar of flaming!
Maggie burns you.
Unknown command.
You slash Maggie! You headbutt Maggie!
Maggie is moderately wounded.
Maggie hits you with a +0 morningstar of flaming.
* * * LOW HITPOINT WARNING * * *
Maggie burns you.
* * * LOW HITPOINT WARNING * * *
Unknown command.
You barely miss Maggie. You headbutt Maggie.
Maggie is moderately wounded.
Maggie hits you with a +0 morningstar of flaming.
* * * LOW HITPOINT WARNING * * *
Maggie burns you.
* * * LOW HITPOINT WARNING * * *
Maggie hits you with a +0 morningstar of flaming!
You die...

.....
#####.......#+
###.............
#...............
#...............
#.....#.........
#...))#.........
#...).#.......#
#####..).@@....#
#..........######
#..........#
#.....#
#..........#
#.....#
#..........#
#.....#
#..........#
#.....#
#####......#
#.....# #......#
#.....###
#......#
#.......###


You could see Maggie (mesmerising).

Vanquished Creatures
  3 ogres
  A centaur (D:6)
  A necrophage (D:6)
  A bullfrog (D:5)
  2 water moccasin zombies (D:5)
  A howler monkey (D:6)
  The ghost of noodleboyJ the Vexing, a weakling KoAM of Gozag (D:3)
  2 centaur zombies (D:6)
  2 orc priests
  4 hounds
  3 jellies
  A gnoll shaman (D:6)
  A centaur skeleton (D:6)
  A scorpion zombie (D:5)
  An iguana (D:5)
  5 orc wizards
  Robin (D:2)
  5 gnolls
  9 adders
  An adder skeleton (D:4)
  3 worms
  A dart slug (D:1)
  27 orcs
  7 ball pythons
  6 endoplasms
  5 giant cockroaches
  12 goblins
  9 hobgoblins
  5 jackals
  5 kobolds
  3 quokkas
  4 bats
  4 frilled lizards
  6 rats
143 creatures vanquished.

Notes
Turn   | Place    | Note
-------+----------+-------------------------------------------
     0 | D:1      | rjrrt the Minotaur Berserker began the quest for the Orb.
     0 | D:1      | Reached XP level 1. HP: 19/19 MP: 0/0
    83 | D:1      | Reached skill level 4 in Axes
    88 | D:1      | Reached XP level 2. HP: 8/26 MP: 1/1
   716 | D:1      | Reached skill level 5 in Axes
   895 | D:1      | Reached XP level 3. HP: 31/31 MP: 2/2
   985 | D:1      | Reached ** piety under Trog
  1085 | D:2      | Found a hide-covered altar of Uskayaw.
  1491 | D:2      | Reached skill level 6 in Axes
  1491 | D:2      | Reached XP level 4. HP: 39/39 MP: 3/3
  1808 | D:2      | Noticed Robin
  1818 | D:2      | Killed Robin
  2196 | D:3      | Found a faded altar of an unknown god.
  2258 | D:3      | Found a runed translucent gate.
  2258 | D:3      | Identified the +3 short sword of the Sage {venom, Fragile
                  | rF+ rN+}
  2258 | D:3      | Identified the +1 scale mail of the Six Nightmares {rF-
                  | rCorr Dex+5 SInv}
  2258 | D:3      | Noticed noodleboyJ's ghost (weakling KoAM)
  2260 | D:3      | Found a runed translucent gate.
  2265 | D:3      | Found a runed translucent gate.
  2817 | D:3      | Killed noodleboyJ's ghost
  2818 | D:3      | Reached skill level 7 in Axes
  2818 | D:3      | Reached XP level 5. HP: 45/45 MP: 4/4
  3172 | D:4      | Reached *** piety under Trog
  3429 | D:4      | Reached skill level 8 in Axes
  3448 | D:4      | Noticed an ogre
  3457 | D:4      | Killed an ogre
  3458 | D:4      | Reached XP level 6. HP: 51/51 MP: 5/5
  4011 | D:4      | Reached skill level 9 in Axes
  4242 | D:5      | Entered Level 5 of the Dungeon
  4293 | D:5      | Reached XP level 7. HP: 52/57 MP: 6/6
  4366 | D:5      | Reached skill level 10 in Axes
  4630 | D:5      | Reached skill level 11 in Axes
  4767 | D:5      | Identified a scroll of acquirement
  4767 | D:5      | Acquired a manual of Axes
  4960 | D:5      | Found a glowing golden altar of the Shining One.
  5009 | D:5      | Reached XP level 8. HP: 43/64 MP: 7/7
  5218 | D:6      | Reached **** piety under Trog
  5261 | D:6      | Found a broken altar of Ashenzari.
  5417 | D:6      | Reached skill level 12 in Axes
  5417 | D:6      | Reached skill level 1 in Evocations
  5706 | D:6      | Noticed Maggie
  5718 | D:6      | Slain by Maggie

Illustrated notes

Levels and vault maps discovered:
D:1:      dpeg_arrival_round_c, layout_rooms, st_stairs_7, minmay_tromino_v4_a
D:2:      layout_loops_ring, basic_altar, kennysheep_potato, uniq_robin
D:3:      layout_basic, biasface_ghost_orc_armoury,
          chequers_ecumenical_altar_simple, minmay_misc_feat_enclosed,
          corexii_hall_statues_deadend, corexii_hall_statues_i
D:4:      layout_rooms, nicolae_overflow_hidden_temple, cheibrodos_gnoll_hut
D:5:      layout_basic, tso_oasis_becter
D:6:      layout_basic, ashenzari_altar_1, gammafunk_temple_overflow_pools,
          minmay_fractal_squares_5, uniq_maggie

Skill      XL: |  1  2  3  4  5  6  7  8 |
---------------+-------------------------+-----
Axes           | 4 5 6 7 8 9 11 12 | 12.5
Fighting       | 4 |  4.4
Armour         | 3 |  3.5
Evocations     | 1 |  1.6
Dodging        | 3 |  3.2

Action                   |  1- 3 |  4- 6 |  7- 9 || total
-------------------------+-------+-------+-------++-------
Melee: Hand axe          |    72 |    77 |       ||   149
       Headbutt          |    13 |    22 |    24 ||    59
       War axe           |       |    49 |   106 ||   155
Throw: Javelin           |       |       |     3 ||     3
Invok: Berserk           |     3 |     3 |     3 ||     9
       Trog's Hand       |       |     1 |       ||     1
  Use: Scroll            |       |    10 |     4 ||    14
       Potion            |       |       |     2 ||     2
Armor: Leather armour    |    17 |    10 |       ||    27
       Scale mail        |       |    12 |       ||    12
       Chain mail        |       |    29 |    41 ||    70
Dodge: Dodged            |    36 |    36 |    46 ||   118

Table legend: (Time is in decaauts)
 A = Elapsed time spent in this place.
 B = Non-inter-level travel time spent in this place.
 C = Inter-level travel time spent in this place.
 D = Time resting spent in this place.
 E = Time spent auto-exploring this place.
 F = Levels seen in this place.
 G = Mean time per level.
                   A        B        C        D        E       F      G
               +--------+--------+--------+--------+--------+-----+--------+
         Total |   5781 |   5601 |    180 |    890 |   3852 |   6 |  963.5 |
       Dungeon |   5781 |   5601 |    180 |    890 |   3852 |   6 |  963.5 |
               +--------+--------+--------+--------+--------+-----+--------+

Top non-repeatable levels by time:
     D:4: 1096 daAuts
     D:3: 1089 daAuts
     D:1: 1075 daAuts
     D:2: 1030 daAuts
     D:5: 910 daAuts
     D:6: 579 daAuts
